TOP OF THE 1ST |
Baltimore (APP) Orioles batting - Pitching for Detroit (APP) Tigers : RHP Scott King
|
Pitching: RHP Scott King
|
|
Batting: LHB Pat Fontana
|
0-0: Called Strike 0-1: Called Strike 0-2: Ball 1-2: Ball 2-2: Foul Ball, location: 2F 2-2: Ball 3-2: Foul Ball, location: 2F 3-2: Base on Balls
|
Batting: RHB Kevin Popowicz
|
0-0: Ball 1-0: Called Strike Pat Fontana steals 2nd base 1-1: Ball 2-1: Ground out 6-3 (Groundball, 6, EV 92.5 MPH) Pat Fontana to third
|
Batting: LHB Sam Williams
|
0-0: Foul Ball, location: 2F 0-1: Foul Ball, location: 2F 0-2: Ball 1-2: Ball 2-2: DOUBLE (Line Drive, 78M, EV 100.0 MPH) Pat Fontana scores
|
Batting: RHB Wil Ochoa
|
0-0: Called Strike 0-1: Ball 1-1: Foul Ball, location: 2F 1-2: Strikes out swinging
|
Batting: RHB Jonathan Mendoza
|
0-0: Ball 1-0: 2-RUN HOME RUN (Line Drive, 7D, EV 96.9 MPH), Distance : 369 ft
|
Batting: SHB Chris Wright
|
0-0: Ball 1-0: Ball 2-0: Ball 3-0: Base on Balls
|
Batting: RHB Maup Gommers
|
0-0: Called Strike 0-1: Ball 1-1: SINGLE (Flyball, 4D, EV 87.5 MPH) Chris Wright to second Runner from 2nd tries for 3rd, SAFE, throw by CF made to third
|
Batting: SHB Carlos Carrillo
|
0-0: Ground out 4-3 (Groundball, 34S, EV 78.8 MPH)
|
Top of the 1st over - 3 runs, 3 hits, 0 errors, 2 left on base; Baltimore (APP) 3 - Detroit (APP) 0 |
BOTTOM OF THE 1ST |
Detroit (APP) Tigers batting - Pitching for Baltimore (APP) Orioles : RHP Jason Turley
|
Pitching: RHP Jason Turley
|
|
Batting: RHB Yasutaka Yamasaki
|
0-0: Called Strike 0-1: Foul Ball, location: 2F 0-2: Ball 1-2: Strikes out swinging
|
Batting: RHB Ernst Meloche
|
0-0: Called Strike 0-1: Foul Ball, location: 2F 0-2: Ball 1-2: DOUBLE (Flyball, 8RXD, EV 113.8 MPH)
|
Batting: RHB Brandon Everett
|
0-0: Called Strike 0-1: Ball 1-1: Called Strike 1-2: Fly out, F8 (Flyball, 8RD, EV 105.6 MPH)
|
Batting: RHB Nate Dabney
|
0-0: Foul Ball, location: 2F 0-1: Ground out 5-3 (Groundball, 25, EV 79.4 MPH)
|
Bottom of the 1st over - 0 runs, 1 hit, 0 errors, 1 left on base; Baltimore (APP) 3 - Detroit (APP) 0 |
TOP OF THE 2ND |
Baltimore (APP) Orioles batting - Pitching for Detroit (APP) Tigers : RHP Scott King
|
Batting: RHB Fernando Bravo
|
0-0: Ball 1-0: Ball 2-0: Ground out U3 (Groundball, 3, EV 92.5 MPH)
|
Batting: LHB Pat Fontana
|
0-0: Called Strike 0-1: Ball 1-1: Called Strike 1-2: Foul Ball, location: 2F 1-2: Foul Ball, location: 2F 1-2: Foul Ball, location: 2F 1-2: DOUBLE (Flyball, 8RXD, EV 105.0 MPH)
|
Batting: RHB Kevin Popowicz
|
0-0: Called Strike 0-1: Swinging Strike 0-2: Foul Ball, location: 2F 0-2: Strikes out swinging
|
Batting: LHB Sam Williams
|
0-0: Ball 1-0: SINGLE (Line Drive, 9S, EV 104.4 MPH) Pat Fontana to third
|
Batting: RHB Wil Ochoa
|
0-0: Foul Ball, location: 2F 0-1: Foul Ball, location: 2F 0-2: Ball 1-2: Fielders Choice at 2nd, 6-4 (Groundball, 6, EV 103.1 MPH)
|
Top of the 2nd over - 0 runs, 2 hits, 0 errors, 2 left on base; Baltimore (APP) 3 - Detroit (APP) 0 |
BOTTOM OF THE 2ND |
Detroit (APP) Tigers batting - Pitching for Baltimore (APP) Orioles : RHP Jason Turley
|
Batting: RHB Norm Wood
|
0-0: Called Strike 0-1: SINGLE (Line Drive, 4MD, EV 96.9 MPH)
|
Batting: LHB Glen Boyle
|
0-0: Grounds out, U3 (Groundball, 3L, EV 87.5 MPH)
|
Batting: RHB Billy Verdusco
|
0-0: Ball 1-0: Called Strike 1-1: Ball 2-1: Ball 3-1: Called Strike 3-2: Foul Ball, location: 2F 3-2: SINGLE (Groundball, 6S, EV 66.9 MPH) (infield hit) Norm Wood to third
|
Batting: LHB Isao Fukui
|
0-0: Ball 1-0: Ball 2-0: Foul Ball, location: 2F 2-1: Swinging Strike 2-2: Ball 3-2: Foul Ball, location: 2F 3-2: Strikes out looking
|
Batting: LHB Timotheus Young
|
0-0: Ball 1-0: Swinging Strike 1-1: Foul Ball, location: 2F 1-2: Ground out 4-3 (Groundball, 34, EV 103.1 MPH)
|
Bottom of the 2nd over - 0 runs, 2 hits, 0 errors, 2 left on base; Baltimore (APP) 3 - Detroit (APP) 0 |
TOP OF THE 3RD |
Baltimore (APP) Orioles batting - Pitching for Detroit (APP) Tigers : RHP Scott King
|
Batting: RHB Jonathan Mendoza
|
0-0: Ball 1-0: Called Strike 1-1: Ball 2-1: Ball 3-1: Base on Balls
|
Batting: SHB Chris Wright
|
0-0: Called Strike 0-1: Ball 1-1: Swinging Strike 1-2: Strikes out swinging
|
Batting: RHB Maup Gommers
|
0-0: Fly out, F3 (Popup, 3, EV 63.8 MPH)
|
Batting: SHB Carlos Carrillo
|
0-0: Foul Ball, location: 2F 0-1: Swinging Strike Passed Ball! Jonathan Mendoza to second 0-2: Strikes out swinging
|
Top of the 3rd over - 0 runs, 0 hits, 0 errors, 1 left on base; Baltimore (APP) 3 - Detroit (APP) 0 |
BOTTOM OF THE 3RD |
Detroit (APP) Tigers batting - Pitching for Baltimore (APP) Orioles : RHP Jason Turley
|
Batting: RHB Yasutaka Yamasaki
|
0-0: Called Strike 0-1: Fly out, F2 (Popup, 5SF, EV 88.8 MPH)
|
Batting: RHB Ernst Meloche
|
0-0: Ball 1-0: Foul Ball, location: 2F 1-1: DOUBLE (Flyball, 89XD, EV 106.9 MPH)
|
Batting: RHB Brandon Everett
|
0-0: Ball 1-0: Called Strike 1-1: Swinging Strike 1-2: Strikes out swinging
|
Batting: RHB Nate Dabney
|
0-0: Ball 1-0: Swinging Strike 1-1: Called Strike 1-2: Ball 2-2: Strikes out swinging
|
Bottom of the 3rd over - 0 runs, 1 hit, 0 errors, 1 left on base; Baltimore (APP) 3 - Detroit (APP) 0 |
TOP OF THE 4TH |
Baltimore (APP) Orioles batting - Pitching for Detroit (APP) Tigers : RHP Scott King
|
Batting: RHB Fernando Bravo
|
0-0: Ball 1-0: Ball 2-0: Ground out 6-3 (Groundball, 6, EV 98.8 MPH)
|
Batting: LHB Pat Fontana
|
0-0: Called Strike 0-1: Fly out, F4 (Popup, 34D, EV 48.8 MPH)
|
Batting: RHB Kevin Popowicz
|
0-0: Ball 1-0: Called Strike 1-1: Swinging Strike 1-2: Fly out, F8 (Flyball, 8RD, EV 105.0 MPH)
|
Top of the 4th over - 0 runs, 0 hits, 0 errors, 0 left on base; Baltimore (APP) 3 - Detroit (APP) 0 |
BOTTOM OF THE 4TH |
Detroit (APP) Tigers batting - Pitching for Baltimore (APP) Orioles : RHP Jason Turley
|
Batting: RHB Norm Wood
|
0-0: Called Strike 0-1: SINGLE (Groundball, 6M, EV 98.1 MPH)
|
Batting: LHB Glen Boyle
|
0-0: Ball 1-0: SINGLE (Line Drive, 8RS, EV 95.6 MPH) Norm Wood to second
|
Batting: RHB Billy Verdusco
|
0-0: Fielders Choice at 2nd, 6-4 (Groundball, 6, EV 93.1 MPH) Norm Wood to third
|
Batting: LHB Isao Fukui
|
0-0: Called Strike 0-1: Ball 1-1: Ball 2-1: Ball 3-1: Base on Balls Billy Verdusco to second
|
Batting: LHB Timotheus Young
|
0-0: Foul Ball, location: 2F 0-1: DOUBLE (Flyball, 8RD, EV 96.9 MPH) Norm Wood scores Billy Verdusco scores Isao Fukui to third Runner from 3rd tries for Home, SAFE, no throw by CF
|
Batting: RHB Yasutaka Yamasaki
|
0-0: Ball 1-0: Ground out 4-3 (Groundball, 4, EV 91.9 MPH) Timotheus Young to third
|
Batting: RHB Ernst Meloche
|
0-0: Ball 1-0: Called Strike 1-1: Ball 2-1: Ball 3-1: Base on Balls
|
Batting: RHB Brandon Everett
|
0-0: Foul Ball, location: 2F 0-1: SINGLE (Line Drive, 8RS, EV 109.4 MPH) Timotheus Young scores Ernst Meloche to second Throwing error, E8 Ernst Meloche scores Brandon Everett to second
|
Pitching: RHP Rod Najera
|
|
Batting: RHB Nate Dabney
|
0-0: Ground out 6-3 (Groundball, 6, EV 91.9 MPH)
|
Bottom of the 4th over - 5 runs, 4 hits, 1 error, 1 left on base; Baltimore (APP) 3 - Detroit (APP) 5 |
TOP OF THE 5TH |
Baltimore (APP) Orioles batting - Pitching for Detroit (APP) Tigers : RHP Scott King
|
Batting: LHB Sam Williams
|
0-0: Ball 1-0: Ball 2-0: Swinging Strike 2-1: Foul Ball, location: 2F 2-2: Strikes out looking
|
Batting: RHB Wil Ochoa
|
0-0: Foul Ball, location: 2F 0-1: Called Strike 0-2: Strikes out swinging
|
Batting: RHB Jonathan Mendoza
|
0-0: Called Strike 0-1: Foul Ball, location: 2F 0-2: Ball 1-2: SOLO HOME RUN (Flyball, 9D, EV 97.5 MPH), Distance : 376 ft
|
Batting: SHB Chris Wright
|
0-0: Ball 1-0: Ball 2-0: Ball 3-0: Called Strike 3-1: Base on Balls
|
Batting: RHB Maup Gommers
|
0-0: Foul Ball, location: 2F 0-1: Foul Ball, location: 2F 0-2: Foul Ball, location: 2F 0-2: Foul Ball, location: 2F 0-2: Ball 1-2: Strikes out looking
|
Top of the 5th over - 1 run, 1 hit, 0 errors, 1 left on base; Baltimore (APP) 4 - Detroit (APP) 5 |
BOTTOM OF THE 5TH |
Detroit (APP) Tigers batting - Pitching for Baltimore (APP) Orioles : RHP Rod Najera
|
Batting: RHB Norm Wood
|
0-0: Foul Ball, location: 2F 0-1: Ball 1-1: Ball 2-1: Ball 3-1: Called Strike 3-2: Foul Ball, location: 2F 3-2: Ground out 6-3 (Groundball, 56D, EV 97.5 MPH)
|
Batting: LHB Glen Boyle
|
0-0: Called Strike 0-1: Ball 1-1: Ball 2-1: Ball 3-1: Swinging Strike 3-2: Foul Ball, location: 2F 3-2: Base on Balls
|
Batting: RHB Billy Verdusco
|
0-0: Ball 1-0: Foul Ball, location: 2F 1-1: Ball 2-1: Called Strike 2-2: Strikes out swinging
|
Batting: LHB Isao Fukui
|
0-0: Ball 1-0: Ball 2-0: Called Strike 2-1: Called Strike 2-2: Foul Ball, location: 2F 2-2: Strikes out swinging
|
Bottom of the 5th over - 0 runs, 0 hits, 0 errors, 1 left on base; Baltimore (APP) 4 - Detroit (APP) 5 |
TOP OF THE 6TH |
Baltimore (APP) Orioles batting - Pitching for Detroit (APP) Tigers : RHP Scott King
|
Batting: SHB Carlos Carrillo
|
0-0: Ball 1-0: Foul Ball, location: 2F 1-1: Foul Ball, location: 2F 1-2: Foul Ball, location: 2F 1-2: Ball 2-2: Fly out, F4 (Line Drive, 4MD, EV 66.2 MPH)
|
Batting: RHB Fernando Bravo
|
0-0: Ball 1-0: Ball 2-0: Swinging Strike 2-1: SINGLE (Groundball, 34D, EV 99.4 MPH)
|
Pitching: RHP Alex Amparo
|
|
Batting: LHB Pat Fontana
|
0-0: Ball 1-0: Ball 2-0: Ball 3-0: Called Strike 3-1: Called Strike 3-2: Foul Ball, location: 2F 3-2: Foul Ball, location: 2F 3-2: Strikes out swinging Fernando Bravo steals 2nd base Batter strikes out.
|
Batting: RHB Kevin Popowicz
|
0-0: Ground out 3-1 (Groundball, 34, EV 83.1 MPH)
|
Top of the 6th over - 0 runs, 1 hit, 0 errors, 1 left on base; Baltimore (APP) 4 - Detroit (APP) 5 |
BOTTOM OF THE 6TH |
Detroit (APP) Tigers batting - Pitching for Baltimore (APP) Orioles : RHP Rod Najera
|
Batting: LHB Timotheus Young
|
0-0: Called Strike 0-1: Called Strike 0-2: Strikes out swinging
|
Batting: RHB Yasutaka Yamasaki
|
0-0: Called Strike 0-1: Foul Ball, location: 2F 0-2: Strikes out swinging
|
Batting: RHB Ernst Meloche
|
0-0: Ball 1-0: Foul Ball, location: 2F 1-1: Foul Ball, location: 2F 1-2: Foul Ball, location: 2F 1-2: Foul Ball, location: 2F 1-2: Foul Ball, location: 2F 1-2: Foul Ball, location: 2F 1-2: Foul Ball, location: 2F 1-2: Fly out, F4 (Flyball, 34D, EV 93.1 MPH)
|
Bottom of the 6th over - 0 runs, 0 hits, 0 errors, 0 left on base; Baltimore (APP) 4 - Detroit (APP) 5 |
TOP OF THE 7TH |
Baltimore (APP) Orioles batting - Pitching for Detroit (APP) Tigers : RHP Alex Amparo
|
Batting: LHB Sam Williams
|
0-0: Ball 1-0: Called Strike 1-1: Ball 2-1: Ball 3-1: SINGLE (Groundball, 34D, EV 110.0 MPH)
|
Batting: RHB Wil Ochoa
|
0-0: Ball 1-0: Foul Ball, location: 2F 1-1: Ball 2-1: Ball 3-1: Base on Balls Sam Williams to second
|
Batting: RHB Jonathan Mendoza
|
0-0: Called Strike 0-1: Swinging Strike 0-2: Ball 1-2: Ball 2-2: Ball 3-2: Base on Balls Sam Williams to third Wil Ochoa to second
|
Batting: SHB Chris Wright
|
0-0: Ball 1-0: Called Strike 1-1: SINGLE (Groundball, 56D, EV 104.4 MPH) Sam Williams scores Wil Ochoa to third Jonathan Mendoza to second Runner from 3rd tries for Home, throw by LF and OUT! 7-2
|
Batting: RHB Maup Gommers
|
0-0: Fielders Choice at 2nd, 4-6 (Groundball, 4MS, EV 83.1 MPH) Jonathan Mendoza to third
|
Batting: SHB Carlos Carrillo
|
0-0: Called Strike 0-1: Foul Ball, location: 2F 0-2: Strikes out swinging
|
Top of the 7th over - 1 run, 2 hits, 0 errors, 2 left on base; Baltimore (APP) 5 - Detroit (APP) 5 |
BOTTOM OF THE 7TH |
Detroit (APP) Tigers batting - Pitching for Baltimore (APP) Orioles : RHP Rod Najera
|
Batting: RHB Brandon Everett
|
0-0: Ball 1-0: Ball 2-0: Called Strike 2-1: Called Strike 2-2: Foul Ball, location: 2F 2-2: SOLO HOME RUN (Flyball, 7D, EV 96.9 MPH), Distance : 374 ft
|
Batting: RHB Nate Dabney
|
0-0: Foul Ball, location: 2F 0-1: Ball 1-1: Ball 2-1: Ball 3-1: Base on Balls
|
Pitching: RHP Justin Swanson
|
|
Batting: RHB Norm Wood
|
0-0: Ball 1-0: Ball 2-0: Ball 3-0: Called Strike 3-1: Called Strike 3-2: Base on Balls Nate Dabney to second
|
Batting: LHB Glen Boyle
|
0-0: Ball 1-0: Ball 2-0: Foul Ball, location: 2F 2-1: Grounds into double play, 4-6-3 (Groundball, 4, EV 79.4 MPH) Nate Dabney to third
|
Batting: RHB Billy Verdusco
|
0-0: Called Strike 0-1: Ground out U3 (Groundball, 3, EV 100.6 MPH)
|
Bottom of the 7th over - 1 run, 1 hit, 0 errors, 1 left on base; Baltimore (APP) 5 - Detroit (APP) 6 |
TOP OF THE 8TH |
Baltimore (APP) Orioles batting - Pitching for Detroit (APP) Tigers : RHP Alex Amparo
|
Pitching: RHP Mike Santana
|
|
Batting: RHB Fernando Bravo
|
0-0: Ball 1-0: Ground out 6-3 (Groundball, 6D, EV 102.5 MPH)
|
Batting: LHB Pat Fontana
|
0-0: Foul Ball, location: 2F 0-1: Foul Ball, location: 2F 0-2: Foul Ball, location: 2F 0-2: Foul Ball, location: 2F 0-2: Foul Ball, location: 2F 0-2: Ball 1-2: Foul Ball, location: 2F 1-2: Ball 2-2: Ground out 4-3 (Groundball, 4, EV 80.0 MPH)
|
Batting: RHB Kevin Popowicz
|
0-0: Called Strike 0-1: Ball 1-1: Called Strike 1-2: Foul Ball, location: 2F 1-2: Strikes out swinging
|
Top of the 8th over - 0 runs, 0 hits, 0 errors, 0 left on base; Baltimore (APP) 5 - Detroit (APP) 6 |
BOTTOM OF THE 8TH |
Detroit (APP) Tigers batting - Pitching for Baltimore (APP) Orioles : RHP Justin Swanson
|
Batting: LHB Isao Fukui
|
0-0: Called Strike 0-1: Ball 1-1: Ball 2-1: Ball 3-1: Called Strike 3-2: Fly out, F7 (Flyball, 7D, EV 99.4 MPH)
|
Batting: LHB Timotheus Young
|
0-0: Ball 1-0: Ball 2-0: Called Strike 2-1: Ball 3-1: Base on Balls
|
Pinch Hitting: RHB Juan Acero
|
0-0: Foul Ball, location: 2F 0-1: Swinging Strike 0-2: Foul Ball, location: 2F 0-2: Ball 1-2: SINGLE (Line Drive, 7LM, EV 97.5 MPH) Timotheus Young to second
|
Batting: RHB Ernst Meloche
|
0-0: Called Strike 0-1: Foul Ball, location: 2F 0-2: Ball 1-2: Ball 2-2: Ball 3-2: Fly out, F8 (Flyball, 8RD, EV 108.8 MPH)
|
Batting: RHB Brandon Everett
|
0-0: Fly out, F7 (Flyball, 7D, EV 110.0 MPH)
|
Bottom of the 8th over - 0 runs, 1 hit, 0 errors, 2 left on base; Baltimore (APP) 5 - Detroit (APP) 6 |
TOP OF THE 9TH |
Baltimore (APP) Orioles batting - Pitching for Detroit (APP) Tigers : RHP Mike Santana
|
Now at 2B: Salvador Lacosta
|
|
Now in RF: Seth Fox
|
|
Batting: LHB Sam Williams
|
0-0: Called Strike 0-1: Called Strike 0-2: Strikes out swinging
|
Batting: RHB Wil Ochoa
|
0-0: Called Strike 0-1: Foul Ball, location: 2F 0-2: Ball 1-2: Strikes out swinging
|
Batting: RHB Jonathan Mendoza
|
0-0: Ball 1-0: Ball 2-0: Ball 3-0: Called Strike 3-1: Base on Balls
|
Batting: SHB Chris Wright
|
0-0: Swinging Strike 0-1: Ball 1-1: Foul Ball, location: 2F 1-2: SINGLE (Groundball, 56D, EV 100.0 MPH) Jonathan Mendoza to second
|
Batting: RHB Maup Gommers
|
0-0: Called Strike 0-1: Ball 1-1: Ball 2-1: Ball 3-1: Fly out, F8 (Flyball, 78M, EV 90.6 MPH)
|
Top of the 9th over - 0 runs, 1 hit, 0 errors, 2 left on base; Baltimore (APP) 5 - Detroit (APP) 6 |
|